 Dungeon Crawl Stone Soup version 0.32-a0-893-gf85d74f360 (webtiles) character file.

Game seed: 17524364525626767927

1383 GiantSquids the Skirmisher (level 8, -3/56 HPs)
             Began as a Coglin Hunter on Apr 3, 2024.
             Was a Priest of Cheibriados.
             Slain by Pikel
             ... wielding a +1 whip of flaming
              (9 damage)
             ... on level 6 of the Dungeon.
             The game lasted 00:05:53 (3717 turns).

GiantSquids the Skirmisher (Coglin Hunter)          Turns: 3717, Time: 00:05:54

Health: -3/56      AC:  6    Str: 18    XL:     8   Next: 67%
Magic:  8/8        EV: 12    Int: 14    God:    Cheibriados [***...]
Gold:   254        SH:  0    Dex: 26    Spells: 7/7 levels left

rFire   . . .        a - +2 sling {José}
rCold   . . .        d - +0 sling {Nittaya}
rNeg    . . .        c - +0 leather armour
rPois   .            (no helmet)
rElec   .            (no cloak)
rCorr   .            q - +0 pair of gloves
SInv    .            y - +1 pair of boots
Will    .....        (amulet unavailable)
Stlth   ++           (ring unavailable)
HPRegen 0.29/turn    (ring unavailable)
MPRegen 0.11/turn    (no gizmo)

%: no passive effects
@: revved, very slow
A: off-hand wielding, slow wielding, warmup strikes, no jewellery
a: Invent Gizmo, Renounce Religion, Bend Time, Temporal Distortion


You were on level 6 of the Dungeon.
You worshipped Cheibriados.
Cheibriados was most pleased with you.
You visited 1 branch of the dungeon, and saw 6 of its levels.

You collected 254 gold pieces.

Inventory:

Hand Weapons
 a - a +2 sling (weapon) {José}
 d - a +0 sling (offhand) {Nittaya}
Armour
 c - a +0 leather armour (worn)
 q - a +0 pair of gloves (worn)
 w - a +0 crystal plate armour
 y - a +1 pair of boots (worn)
Wands
 o - a wand of polymorph (12)
 r - a wand of paralysis (9)
Scrolls
 b - a scroll of butterflies
 e - 2 scrolls of revelation {unknown}
 f - a scroll of immolation {unknown}
 g - a scroll of enchant weapon {unknown}
 i - 2 scrolls of vulnerability {unknown}
 k - 4 scrolls of identify {unknown}
 m - 2 scrolls of teleportation {unknown}
 p - a scroll of silence {unknown}
 s - a scroll of blinking {unknown}
 t - a scroll of noise {unknown}
 v - a scroll of brand weapon {unknown}
 x - a scroll of enchant armour {unknown}
Potions
 h - a potion of heal wounds {unknown}
 j - a potion of brilliance {unknown}
 l - 2 potions of might {unknown}
 n - 2 potions of attraction {unknown}
 u - 2 potions of invisibility {unknown}
 z - 2 potions of mutation {unknown}


   Skills:
 - Level 2.1 Fighting
 + Level 10.1 Ranged Weapons
 - Level 1.9 Dodging
 - Level 1.0 Stealth


You had 7 spell levels left.
You didn't know any spells.
Your spell library contained the following spells:

 Spells                   Type           Power      Damage    Failure   Level
 Apportation              Tloc           0%         N/A       34%         1
 Kiss of Death            Conj/Necr      0%         2d5       34%         1
 Blink                    Tloc           0%         N/A       45%         2
 Jinxbite                 Hex            0%         N/A       45%         2
 Lesser Beckoning         Tloc           0%         N/A       45%         2
 Momentum Strike          Conj/Tloc      0%         3d8       45%         2
 Call Canine Familiar     Summ           0%         N/A       71%         3
 Confusing Touch          Hex            0%         N/A       71%         3
 Inner Flame              Hex/Fire       0%         N/A       71%         3
 Sigil of Binding         Hex            0%         N/A       71%         3
 Dimensional Bullseye     Hex/Tloc       0%         N/A       98%         4
 Dispel Undead            Necr           0%         3d6       98%         4
 Flame Wave               Conj/Fire      0%         2d4       98%         4
 Sticky Flame             Fire/Alch      0%         2d4       98%         4
 Alistair's Intoxication  Alch           0%         N/A       100%        5


Dungeon Overview and Level Annotations

Branches:
Dungeon (6/15)             Temple (0/1) D:5

Altars:
Cheibriados
Wu Jian

Annotations:
D:6 Pikel


Innate Abilities, Weirdness & Mutations

You can wield a second weapon in your off-hand.
It takes a long time for you to wield or remove held weapons.
Your first few attacks do less damage.
You cannot equip rings or amulets.


Message History

Pikel barely misses you.
You shoot a sling bullet. The sling bullet barely misses Pikel.
You shoot a sling bullet. The sling bullet hits Pikel!
Pikel is heavily wounded.
The lemure closely misses you. Pikel barely misses you.
You shoot a sling bullet. The sling bullet misses Pikel.
You shoot a sling bullet. The sling bullet closely misses Pikel.
The lemure hits you.
* * * LOW HITPOINT WARNING * * *
Pikel hits you but does no damage.
You shoot a sling bullet. The sling bullet closely misses Pikel.
You shoot a sling bullet.
The sling bullet hits Pikel but does no damage.
Pikel is heavily wounded.
The lemure hits you but does no damage. Pikel completely misses you.
You shoot a sling bullet. The sling bullet hits Pikel!
Pikel is severely wounded.
You shoot a sling bullet.
The sling bullet hits Pikel but does no damage.
Pikel is severely wounded.
The lemure hits you.
* * * LOW HITPOINT WARNING * * *
Pikel barely misses you.
You shoot a sling bullet. The sling bullet hits Pikel.
Pikel is severely wounded.
You shoot a sling bullet. The sling bullet hits Pikel.
Pikel is almost dead.
The lemure hits you.
* * * LOW HITPOINT WARNING * * *
Pikel misses you.
You shoot a sling bullet. The sling bullet hits Pikel.
Pikel is almost dead.
You shoot a sling bullet.
The sling bullet hits Pikel but does no damage.
Pikel is almost dead.
The lemure misses you.
Pikel hits you with a +1 whip of flaming!
You die...
Pikel says, "See you in Hell!"
Cheibriados appreciates the motionlessness of death.

###.#..............#
......##.#.###....##
.....########.....#
.>..###.######..###
....###.........#
#........#......#
.......###......##
.....### ##....K.##
#....## ##...5@.#
##..#..# #.......#
......... #........#
...................#
..........##........
.....>....#.........#
........ .......##.##
....... ?.!.[.. .[
.......


You could see Pikel and a lemure.

Vanquished Creatures
  Prince Ribbit (D:6)
  A water moccasin (D:5)
  Duvessa (D:5)
  2 black bears (D:6)
  A centaur (D:6)
  An ogre (D:5)
  3 lemures (D:6)
  2 scorpions
  Dowan (D:5)
  A vampire bat (D:3)
  A hound (D:5)
  A jelly (D:6)
  An iguana (D:3)
  Natasha (thrice) (D:3)
  2 orc wizards (D:4)
  4 adders
  A shadow imp (D:6)
  A white imp (D:6)
  2 ribbon worms (D:3)
  A dart slug (D:3)
  3 fire bats (D:3)
  4 orcs
  2 spectral bats (D:3)
  3 bat skeletons (D:3)
  A bat zombie (D:3)
  7 endoplasms
  2 giant cockroaches (D:2)
  3 goblins (D:2)
  10 hobgoblins
  8 jackals (D:4)
  3 quokkas
  8 ball pythons
  15 bats
  A bat simulacrum (D:3)
  5 frilled lizards
  2 kobolds (D:4)
  6 rats
  A spectral goblin (D:3)
115 creatures vanquished.

Notes
Turn   | Place    | Note
-------+----------+-------------------------------------------
     0 | D:1      | GiantSquids the Coglin Hunter began the quest for the Orb.
     0 | D:1      | Reached XP level 1. HP: 16/16 MP: 1/1
    98 | D:1      | Reached skill level 1 in Stealth
   117 | D:1      | Reached XP level 2. HP: 22/22 MP: 2/2
   262 | D:1      | Reached skill level 4 in Ranged Weapons
   561 | D:2      | Reached XP level 3. HP: 27/27 MP: 3/3
   895 | D:3      | Reached XP level 4. HP: 31/33 MP: 4/4
   910 | D:3      | Reached skill level 5 in Ranged Weapons
   950 | D:3      | Reached XP level 5. HP: 35/38 MP: 5/5
  1367 | D:3      | Noticed Natasha
  1371 | D:3      | Killed Natasha
  1372 | D:3      | Reached skill level 6 in Ranged Weapons
  1397 | D:3      | Reached XP level 6. HP: 37/44 MP: 6/6
  1593 | D:3      | Found a faded altar of an unknown god.
  1605 | D:3      | Prayed at the altar of an unknown god.
  1605 | D:3      | Became a worshipper of Cheibriados the Contemplative
  1605 | D:3      | Reached * piety under Cheibriados
  1670 | D:3      | Noticed Natasha
  1673 | D:3      | Killed Natasha
  1778 | D:3      | Noticed Natasha
  1786 | D:3      | Killed Natasha
  2078 | D:4      | Reached ** piety under Cheibriados
  2393 | D:4      | Reached skill level 7 in Ranged Weapons
  2468 | D:5      | Entered Level 5 of the Dungeon
  2481 | D:5      | Noticed a water moccasin
  2488 | D:5      | Killed a water moccasin
  2489 | D:5      | Reached XP level 7. HP: 40/50 MP: 7/7
  2565 | D:5      | Found an ornate altar of the Wu Jian Council.
  2658 | D:5      | Noticed Duvessa
  2658 | D:5      | Noticed Dowan
  2664 | D:5      | Killed Duvessa
  2672 | D:5      | Killed Dowan
  2673 | D:5      | Reached skill level 8 in Ranged Weapons
  3067 | D:5      | Found a staircase to the Ecumenical Temple.
  3285 | D:6      | Reached XP level 8. HP: 56/56 MP: 8/8
  3367 | D:6      | Reached skill level 9 in Ranged Weapons
  3688 | D:6      | Noticed Prince Ribbit
  3692 | D:6      | Killed Prince Ribbit
  3692 | D:6      | Reached *** piety under Cheibriados
  3693 | D:6      | Reached skill level 10 in Ranged Weapons
  3699 | D:6      | Noticed Pikel
  3717 | D:6      | Slain by Pikel

Illustrated notes

Levels and vault maps discovered:
D:1:      evilmike_arrival_crescent, layout_rooms
D:2:      layout_rooms
D:3:      cheibrodos_helix_gallery, layout_basic,
          dreamdust_ecumenical_altar_drowned_temple, goddamned_bats,
          uniq_natasha
D:4:      layout_basic
D:5:      layout_loops_ring, old_standard_altar, temple_green, uniq_duvessa
D:6:      layout_cave_pools, lemuel_tele_altar, serial_shops, shop,
          minmay_misc_feat_hallway, nicolae_letterblocks
          [nicolae_letter_subblock, nicolae_letter_subblock,
          nicolae_letter_subblock, nicolae_letter_subblock,
          nicolae_letter_subblock, nicolae_letter_subblock,
          nicolae_letter_subblock, nicolae_letter_subblock,
          nicolae_letter_subblock, nicolae_letter_subblock,
          nicolae_letter_subblock, nicolae_letter_subblock,
          nicolae_letter_subblock, nicolae_letter_subblock,
          nicolae_letter_subblock, nicolae_letter_subblock,
          nicolae_letter_subblock, nicolae_letter_subblock,
          nicolae_letter_subblock, nicolae_letter_subblock,
          nicolae_letter_subblock, nicolae_letter_subblock,
          nicolae_letter_subblock, nicolae_letter_subblock,
          nicolae_letter_subblock], uniq_sigmund, uniq_prince_ribbit1,
          uniq_pikel

Skill      XL: |  1  2  3  4  5  6  7  8 |
---------------+-------------------------+-----
Stealth        | 1 |  1.0
Ranged Weapons | 4 5 6 7 8 10 | 10.1
Fighting       | |  2.1
Dodging        | |  1.9

Action                     |  1- 3 |  4- 6 |  7- 9 || total
---------------------------+-------+-------+-------++-------
   Fire: Sling             |   128 |   294 |   186 ||   608
 Armour: Leather armour    |     8 |    69 |    34 ||   111
  Dodge: Dodged            |     9 |    64 |    26 ||    99

Table legend: (Time is in decaauts)
 A = Elapsed time spent in this place.
 B = Non-inter-level travel time spent in this place.
 C = Inter-level travel time spent in this place.
 D = Time resting spent in this place.
 E = Time spent auto-exploring this place.
 F = Levels seen in this place.
 G = Mean time per level.
                   A        B        C        D        E       F      G
               +--------+--------+--------+--------+--------+-----+--------+
         Total |   4544 |   4439 |    105 |      0 |   3823 |   6 |  757.3 |
       Dungeon |   4544 |   4439 |    105 |      0 |   3823 |   6 |  757.3 |
               +--------+--------+--------+--------+--------+-----+--------+

Top non-repeatable levels by time:
     D:5: 1130 daAuts
     D:3: 996 daAuts
     D:4: 931 daAuts
     D:6: 579 daAuts
     D:1: 464 daAuts
     D:2: 442 daAuts
